 Dungeon Crawl Stone Soup version 0.30-a0-627-gc11e7ae810 (webtiles) character file.

Game seed: 2640624975425515311

602833 degerharde the Conqueror (level 26, -9/239 HPs)
             Began as a Minotaur Fighter on Jan 12, 2023.
             Was the Champion of Okawaru.
             Killed from afar by a Brimstone Fiend (60 damage)
             ... with damnation
             ... on level 3 of the Realm of Zot.
             The game lasted 02:49:16 (63564 turns).

degerharde the Conqueror (Minotaur Fighter)        Turns: 63564, Time: 02:49:16

Health: -9/239     AC: 49    Str: 42    XL:     26   Next: 53%
Magic:  25/25      EV: 28    Int:  3    God:    Okawaru [******]
Gold:   8348       SH: 34    Dex: 25    Spells: 25/25 levels left

rFire   + + +      SeeInvis +    I - +8 broad axe of Inquiry {speed, rF+ Will- Str+4 Dex+4}
rCold   + + .      Faith    .    Z - +3 tower shield "Coss" {Harm}
rNeg    + . .      Spirit   .    E - +11 crystal plate armour {rC+}
rPois   +          Reflect  +    v - +1 hat of the Maze {rN+ Will+ Dex+3}
rElec   .          Harm     +    J - +1 cloak of Ypnong {rF+ rC+}
rCorr   +          Rampage  .    O - +1 pair of gloves of Ucev {rF+++ Str+3 Dex+8}
Will    +....      Rage     3%   d - +1 pair of boots of Proximity {-Cast rF- Str+8 Dex+2} Stlth NoCast +
                                 g - amulet of reflection
HPRegen 0.59/turn                c - ring of see invisible
MPRegen 0.19/turn                p - ring "Namady" {rPois rCorr}

@: unable to read, unable to drink
A: horns 2, retaliatory headbutt, berserk 1, clumsy 2, dopey 2, frail 1, low MP
2, weak 1, subdued magic 1, inability to drink after injury 1, inability to read
after injury 1
0: Orb of Zot
}: 3/15 runes: decaying, slimy, gossamer
a: Renounce Religion, Heroism, Finesse, Duel


You were on level 3 of the Realm of Zot.
You worshipped Okawaru.
Okawaru was exalted by your worship.
You visited 11 branches of the dungeon, and saw 53 of its levels.
You visited the Abyss 1 time.
You also visited: Bailey, Ice Cave, Volcano and Wizlab.

You collected 8892 gold pieces.
You spent 544 gold pieces at shops.

Inventory:

Hand Weapons
 I - the +8 broad axe of Inquiry (weapon) {speed, rF+ Will- Str+4 Dex+4}
   (Okawaru gifted it to you on level 1 of the Orcish Mines)

   Str:       It affects your strength (+4).
   Dex:       It affects your dexterity (+4).
   rF:        It protects you from fire.
   Will:      It decreases your willpower.
Missiles
 s - 12 silver javelins
 x - 3 boomerangs of dispersal
 K - 2 silver boomerangs
 N - 20 javelins (quivered)
Armour
 d - the +1 pair of boots of Proximity (worn) {-Cast rF- Str+8 Dex+2}
   (Okawaru gifted it to you on level 5 of the Realm of Zot)

   Str:       It affects your strength (+8).
   Dex:       It affects your dexterity (+2).
   rF:        It makes you vulnerable to fire.
   -Cast:     It prevents spellcasting.
 v - the +1 hat of the Maze (worn) {rN+ Will+ Dex+3}
   (Okawaru gifted it to you on level 4 of the Spider Nest)

   Dex:       It affects your dexterity (+3).
   rN:        It protects you from negative energy.
   Will:      It increases your willpower.
 E - a +11 crystal plate armour of cold resistance (worn)
 F - a +2 pair of boots
 J - the +1 cloak of Ypnong (worn) {rF+ rC+}
   (You found it on level 1 of the Vaults)

   rF:        It protects you from fire.
   rC:        It protects you from cold.
 O - the +1 pair of gloves of Ucev (worn) {rF+++ Str+3 Dex+8}
   (Okawaru gifted it to you on level 1 of the Lair of Beasts)

   Str:       It affects your strength (+3).
   Dex:       It affects your dexterity (+8).
   rF:        It renders you almost immune to fire.
 Z - the +3 tower shield "Coss" (worn) {Harm}
   (Okawaru gifted it to you on level 1 of the Spider Nest)

   Harm:      It increases damage dealt and taken.
Jewellery
 b - a +5 ring of evasion
 c - a ring of see invisible (left hand)
 g - an amulet of reflection (around neck)
 l - a ring of flight
 o - a ring of protection from cold
 p - the ring "Namady" (right hand) {rPois rCorr}
   (You acquired it on level 15 of the Dungeon)

   [ring of resist corrosion]

   rPois:     It protects you from poison.
   rCorr:     It protects you from acid and corrosion.
 C - a +4 ring of slaying
 G - a ring of willpower
 Y - a ring of positive energy
Wands
 a - a wand of digging (6)
 k - a wand of flame (7)
Scrolls
 e - 26 scrolls of teleportation
 i - a scroll of enchant armour
 n - 10 scrolls of poison
 u - 9 scrolls of immolation
 y - 7 scrolls of fog
 H - 13 scrolls of enchant weapon
 L - 3 scrolls of brand weapon
 M - 7 scrolls of magic mapping
 P - 3 scrolls of silence
 Q - 3 scrolls of amnesia
 R - 8 scrolls of fear
 V - 7 scrolls of blinking
Potions
 f - 12 potions of heal wounds
 h - 7 potions of brilliance
 j - 10 potions of invisibility
 m - 11 potions of haste
 q - 20 potions of curing
 r - 9 potions of ambrosia
 t - 6 potions of flight
 w - 9 potions of lignification
 z - 11 potions of mutation
 A - 4 potions of cancellation
 D - 3 potions of magic
 T - a potion of berserk rage


   Skills:
 O Level 27 Fighting
 + Level 22.2 Axes
 - Level 16.0 Throwing
 + Level 22.1 Armour
 O Level 27 Dodging
 + Level 23.8 Shields
 - Level 13.0 Invocations


You had 25 spell levels left.
You didn't know any spells.
Your spell library contained the following spells:

 Spells                   Type           Power      Damage    Failure   Level
 Freeze                   Ice            0%         1d3       98%         1
 Kiss of Death            Conj/Necr      0%         2d5       98%         1
 Magic Dart               Conj           0%         1d3       98%         1
 Necrotise                Necr           0%         1d4       98%         1
 Sandblast                Erth           0%         2d4       98%         1
 Slow                     Hex            0%         N/A       98%         1
 Cigotuvi's Dreadful Rot  Necr/Pois/Air  0%         N/A       99%         2
 Ensorcelled Hibernation  Hex/Ice        0%         N/A       99%         2
 Passwall                 Tmut/Erth      0%         N/A       99%         2
 Poisonous Vapours        Pois/Air       0%         N/A       99%         2
 Scorch                   Fire           0%         2d5       99%         2
 Searing Ray              Conj           0%         2d4       99%         2
 Static Discharge         Conj/Air       0%         2-2/arc   99%         2
 Confusing Touch          Hex            0%         N/A       100%        3
 Dazzling Flash           Conj/Hex       0%         N/A       100%        3
 Frozen Ramparts          Ice            0%         1d1       100%        3
 Hailstorm                Conj/Ice       0%         3d3       100%        3
 Ignite Poison            Fire/Tmut/Pois 0%         N/A       100%        3
 Inner Flame              Hex/Fire       0%         N/A       100%        3
 Mephitic Cloud           Conj/Pois/Air  0%         N/A       100%        3
 Portal Projectile        Hex/Tloc       0%         N/A       100%        3
 Spider Form              Tmut/Pois      0%         N/A       100%        3
 Stone Arrow              Conj/Erth      0%         3d7       100%        3
 Swiftness                Air            0%         N/A       100%        3
 Vampiric Draining        Necr           0%         2d6       100%        3
 Vhi's Electric Charge    Tloc/Air       0%         N/A       100%        3
 Anguish                  Hex/Necr       0%         N/A       100%        4
 Cause Fear               Hex            0%         N/A       100%        4
 Dispel Undead            Necr           0%         3d6       100%        4
 Flame Wave               Conj/Fire      0%         2d4       100%        4
 Fulminant Prism          Conj/Hex       0%         3d5       100%        4
 Ice Form                 Ice/Tmut       0%         N/A       100%        4
 Iskenderun's Mystic Bla  Conj/Tloc      0%         2d3       100%        4
 Leda's Liquefaction      Hex/Erth       0%         N/A       100%        4
 Manifold Assault         Tloc           0%         N/A       100%        4
 Sticky Flame             Conj/Fire      0%         2d3       100%        4
 Agony                    Necr           0%         N/A       100%        5
 Arcjolt                  Conj/Air       0%         1d10      100%        5
 Blade Hands              Tmut           0%         N/A       100%        5
 Freezing Cloud           Conj/Ice/Air   0%         6-21      100%        5
 Lightning Bolt           Conj/Air       0%         1d11      100%        5
 Conjure Ball Lightning   Conj/Air       0%         3x3d6     100%        6
 Dispersal                Tloc           0%         N/A       100%        6
 Eringya's Noxious Bog    Tmut/Pois      0%         N/A       100%        6
 Starburst                Conj/Fire      0%         6d3       100%        6
 Dragon Form              Tmut           0%         N/A       100%        7
 Orb of Destruction       Conj           0%         9d5       100%        7
 Borgnjor's Revivificati  Necr           0%         N/A       100%        8
 Discord                  Hex            0%         N/A       100%        8
 Disjunction              Tloc           0%         N/A       100%        8
 Lehudib's Crystal Spear  Conj/Erth      0%         10d2      100%        8
 Necromutation            Tmut/Necr      0%         N/A       100%        8
 Death's Door             Necr           0%         N/A       100%        9
 Fire Storm               Conj/Fire      0%         5d1       100%        9
 Polar Vortex             Ice            0%         N/A       100%        9
 Tukima's Dance           Hex            Unusable   N/A       N/A         3
 Animate Armour           Summ/Erth      Unusable   N/A       N/A         4
 Summon Ice Beast         Ice/Summ       Unusable   N/A       N/A         4
 Summon Forest            Summ/Tloc      Unusable   N/A       N/A         5
 Simulacrum               Ice/Necr       Unusable   N/A       N/A         6
 Summon Cactus Giant      Summ           Unusable   N/A       N/A         6
 Summon Hydra             Summ           Unusable   N/A       N/A         7
 Dragon's Call            Summ           Unusable   N/A       N/A         9

Dungeon Overview and Level Annotations

Branches:
Dungeon (15/15)            Temple (0/1) D:7            Lair (5/5) D:11
  Swamp (4/4) Lair:3       Spider (4/4) Lair:2        Slime (5/5) Lair:4
    Orc (2/2) D:9             Elf (2/3) Orc:2        Vaults (4/5) D:13
  Crypt (3/3) Vaults:3       Tomb (0/3) Crypt:3      Depths (4/4) D:15
    Zot (5/5) Depths:4     Bailey (visited)           IceCv (visited)
Volcano (visited)          WizLab (visited)

Altars:
Elyvilon
Fedhas
Gozag
Kikubaaqudgha
Makhleb
Nemelex Xobeh
Okawaru
Uskayaw
Xom
Yredelemnul
Zin
The Shining One
Jiyva

Shops:
D:3 ([*(   D:8 *   Orc:2 *([*   Vaults:3 *   Depths:1 :(   Depths:4 (

Portals:
Hell: Depths:1 Depths:2 Depths:3 Depths:4
Abyss: Depths:1 Depths:3
Pandemonium: Depths:2
Ziggurat: Depths:4
Trove: Vaults:2 (give 16 potions of curing)

Annotations:
D:6 2 runed translucent doors, fedepesso's ghost, novice HOBe
Elf:1 2 runed translucent doors
Depths:4 6 runed translucent doors


Innate Abilities, Weirdness & Mutations

You have a pair of horns on your head.
You reflexively headbutt those who attack you in melee.
You sometimes lose your temper in combat.
You are very clumsy. (Dex -4)
You are very dopey. (Int -4)
You are frail. (-10% HP)
Your magical capacity is very low. (-20% MP)
You are weak. (Str -2)
Your spells are a little easier to cast, but a little less powerful.
You occasionally lose the ability to drink potions when taking damage.
You occasionally lose the ability to read scrolls when taking damage.


Message History

There is an escape hatch in the ceiling here.
Your extra speed is starting to run out.
A mysterious force pulls you upwards. The hatch slams shut behind you.
You feel yourself slow down.
Things that are here:
a +4 ring of protection; a +0 battleaxe You see here 2 curare-tipped darts.
You see here a +0 dire flail.
You see here a +0 short sword.
There is a large open door here.
Things that are here:
a datura-tipped dart; a +0 cloak You see here a +0 cloak.
You see here a +0 long sword.
A Hell Sentinel comes into view.
The Hell Sentinel gestures at you.
The iron shot reflects off an invisible shield around you!
The iron shot hits the Hell Sentinel!!
There is a stone staircase leading up here.
You climb upwards.
There is a stone staircase leading down here.
A Brimstone Fiend comes into view.
You block the Brimstone Fiend's attack. x3
You block the Brimstone Fiend's attack. x2
The Brimstone Fiend hits you but does no damage.
The Brimstone Fiend attacks as you move away!
The Brimstone Fiend hits you but does no damage.
You block the Brimstone Fiend's attack. x2
The Brimstone Fiend gestures at you.
The sphere of damnation explodes!
The damnation engulfs you!!!
The Brimstone Fiend calls on the powers of darkness!
Your body is wracked with pain!
The Brimstone Fiend gestures at you.
The sphere of damnation explodes!
The damnation engulfs you!!
You feel threatened and lose the ability to read scrolls!
You feel threatened and lose the ability to drink potions!
* * * LOW HITPOINT WARNING * * *
The Brimstone Fiend gestures at you.
The sphere of damnation explodes!
The damnation engulfs you!!!
You die...

##################
##................>
##......1...........
##..@######..########
##...## #..# ##...##
#..# ##...## #..#
##...## #.^# ##<..##
####..##### # ##...##
##.........# # #...##
##..........# # ##.##
##...######### #


You could see a Brimstone Fiend.

Vanquished Creatures
  the Royal Jelly (Slime:5)
  A dread lich (Zot:5)
  6 orbs of fire (Zot:5)
  Mara (Vaults:2)
  2 ancient liches (Zot:5)
  3 juggernauts
  Sojobo (Vaults:4)
  4 Killer Klowns
  Xtahua (Vaults:2)
  Nikola (Elf:1)
  8 golden dragons
  4 curse toes
  4 bone dragons
  the Enchantress (Depths:2)
  An iron giant (Depths:3)
  The ghost of kuniqs the Severer, an adept FoFi of Cheibriados (Vaults:2)
  3 electric golems
  12 tentacled monstrosities
  24 Orb Guardians (Zot:5)
  3 walking crystal tomes (Depths:2)
  5 liches
  A quicksilver dragon (Zot:2)
  2 titans
  A deep elf blademaster (Elf:2)
  11 death cobs
  7 ancient champions
  24 acid blobs
  3 sphinxes
  Kirke (Spider:1)
  3 thorn hunters
  6 shadow dragons
  5 tengu reavers
  5 draconian monks
  10 storm dragons
  Donald (Vaults:1)
  6 azure jellies
  3 revenants
  7 rockslimes
  A fenstrider witch (Swamp:2)
  A fire giant (Depths:4)
  2 deep elf sorcerers (Elf:1)
  4 emperor scorpions
  10 draconian knights
  Aizul (Vaults:1)
  4 frost giants
  An iron dragon (Depths:3)
  3 curse skulls
  4 ghost moths
  13 vault wardens
  10 draconian scorchers
  2 deep elf elementalists
  8 ghouls
  The ghost of Tinylith the Bludgeoner, a journeyman MiBe of Trog (Orc:2)
  6 draconian shifters
  An orc warlord (Vaults:1)
  9 draconian stormcallers
  13 ironbound preservers
  12 draconian annihilators
  A broodmother (Spider:1)
  27 very ugly things
  10 spriggan defenders
  11 stone giants
  6 vampire knights
  5 quicksilver oozes
  8 ironbound thunderhulks
  A deep elf demonologist (Elf:2)
  13 green draconians
  8 black draconians
  14 white draconians
  2 eleionomae (Swamp:4)
  23 yellow draconians
  2 bunyips
  13 purple draconians
  2 deep elf annihilators
  15 red draconians
  2 eidola (Crypt:2)
  7 spark wasps
  18 dire elephants
  The ghost of Decori the Carver, a journeyman DgDe (D:14)
  Josephine (D:10)
  A quicksilver dragon zombie (Vaults:4)
  A merfolk impaler (D:14)
  2 mummy priests (Crypt:3)
  8 jiangshi
  5 fire dragons
  12 yaktaur captains
  4 ettins
  A shambling mangrove (Swamp:4)
  A spriggan zombie (Crypt:1)
  5 merfolk javelineers
  8 vault guards
  9 entropy weavers
  A quicksilver dragon skeleton (Crypt:3)
  A deep elf high priest (Vaults:2)
  11 great orbs of eyes
  2 rakshasas (Depths:1)
  A caustic shrike simulacrum (Crypt:3)
  16 hydras
  9 spriggan air magi
  3 ghost crabs
  A spriggan skeleton (Depths:3)
  3 ogre magi
  10 centaur warriors
  5 ice dragons
  A radroach (Lair:2)
  4 death knights
  9 ironbound frosthearts
  2 catoblepae
  13 boulder beetles
  A jorogumo (Spider:1)
  7 two-headed ogres
  An Orb Guardian skeleton (Crypt:1)
  7 alligators
  23 dancing weapons
  2 deep troll earth magi (Depths:3)
  2 titan zombies
  12 tengu warriors
  3 death yaks (Lair:5)
  A shock serpent (shapeshifter) (Depths:1)
  2 deep troll shamans
  7 hell knights
  4 vampire magi
  3 orc high priests (Orc:2)
  8 spriggan berserkers
  A storm dragon zombie (Crypt:1)
  2 titan skeletons
  2 soul eaters (Crypt:2)
  16 deep elf knights
  A bunyip zombie (Crypt:2)
  A golden dragon zombie (Depths:3)
  4 pharaoh ants
  2 shadow wraiths (Crypt:3)
  15 skeletal warriors
  7 orb spiders
  3 sun moths
  A death drake (Swamp:4)
  A sea snake (shapeshifter) (D:12)
  Lodul (D:11)
  5 goliath frogs
  An anaconda zombie (Crypt:2)
  5 iron trolls
  40 deep trolls
  8 bog bodies
  7 flayed ghosts
  2 spriggan druids
  2 shadow dragon zombies
  7 wizards
  8 deep elf archers
  4 phantasmal warriors
  7 harpies
  5 lindwurms
  A wolf spider zombie (D:7)
  26 deep elf pyromancers
  17 deep elf zephyrmancers
  14 necromancers
  6 swamp dragons
  11 ironbound convokers
  A bunyip skeleton (Crypt:3)
  2 oklob plants (Zot:4)
  11 steelbarb worms
  10 orc knights
  An anaconda skeleton (Crypt:3)
  9 shining eyes
  3 spectral hydras (Swamp:4)
  3 will-o-the-wisps
  A human zombie (Vaults:2)
  6 cyclopes
  12 wolf spiders
  6 manticores
  20 moths of wrath
  9 orc sorcerers
  A cyclops (shapeshifter) (Depths:3)
  50 ugly things
  A stone giant zombie (Vaults:4)
  7 black mambas
  5 toenail golems (Volcano)
  11 elephants
  Maurice (D:8)
  7 centaur zombies
  A storm dragon simulacrum (Crypt:2)
  7 torpor snails
  A smoke demon (Abyss:2)
  An alligator snapping turtle zombie (Crypt:1)
  16 demonic crawlers
  10 cane toads
  16 vault sentinels
  2 centaur skeletons
  4 gargoyles
  6 eyes of devastation
  A catoblepas zombie (Crypt:1)
  A dire elephant skeleton (Crypt:3)
  A redback zombie (Crypt:2)
  5 swamp worm zombies (Swamp:4)
  An efreet (D:13)
  A grey draconian zombie (Crypt:2)
  2 unseen horrors
  10 rime drakes
  A grey draconian skeleton (Crypt:2)
  10 komodo dragons
  An anaconda simulacrum (IceCv)
  11 freezing wraiths
  28 yaktaurs
  Psyche (D:10)
  2 guardian mummies (Crypt:3)
  2 kobold demonologists (D:12)
  9 ice devils (IceCv)
  10 tengu conjurers
  A mana viper zombie (Crypt:1)
  A yaktaur skeleton (Vaults:2)
  8 trolls
  A minotaur skeleton (Crypt:2)
  A merfolk (shapeshifter) (D:14)
  2 hellwings (D:7)
  3 wind drakes (shapeshifter)
  A bloated husk (Swamp:4)
  3 hydra zombies (Swamp:4)
  17 meliai
  2 polar bears (D:11)
  A radroach zombie (Crypt:1)
  15 blink frogs
  14 dream sheep
  9 tyrant leeches
  An ettin zombie (Vaults:2)
  28 hornets
  21 tarantellas
  A wolf spider simulacrum (D:15)
  A spectral swamp dragon (Swamp:4)
  4 alligator zombies (Swamp:4)
  19 jumping spiders
  A human simulacrum (Vaults:2)
  14 spriggans
  14 wyverns
  2 centaur simulacra
  Sigmund (D:3)
  A guardian serpent skeleton (Crypt:2)
  113 slime creatures
  2 air elementals (Elf:1)
  9 wraiths
  7 shadows
  17 culicivoras
  2 dire elephant simulacra (IceCv)
  3 ushabtiu (Crypt:3)
  20 yaks
  An alligator skeleton (Crypt:1)
  An ice dragon skeleton (Crypt:1)
  3 vampires
  13 golden eyes
  13 humans
  3 steam dragons
  A fire elemental (Elf:1)
  15 water elementals
  39 redbacks
  9 vampire mosquitoes
  9 basilisks
  4 death yak simulacra (IceCv)
  2 naga zombies
  15 swamp worms
  2 wargs
  3 harpy simulacra
  9 acid dragons
  2 floating eyes (Orc:1)
  A glowing shapeshifter zombie (Vaults:2)
  14 water moccasins
  2 swamp drakes
  A naga skeleton (Crypt:2)
  36 orc warriors
  A sky beast (D:6)
  5 swamp dragon zombies
  10 ogres
  A human skeleton (Vaults:4)
  10 wolves
  13 centaurs
  A manticore skeleton (Crypt:3)
  5 phantoms
  3 kobold brigands
  A rime drake skeleton (Crypt:1)
  7 bullfrogs
  A gnoll sergeant (D:9)
  An ogre simulacrum (Vaults:3)
  4 cane toad simulacra (IceCv)
  2 earth elementals (Elf:1)
  4 necrophages
  3 scorpions
  8 wights (WizLab)
  3 troll zombies (WizLab)
  A cyclops skeleton (Crypt:1)
  14 killer bees
  A raiju skeleton (Crypt:1)
  3 howler monkeys
  5 electric eels
  2 vampire bats (Orc:2)
  3 lava snakes (D:9)
  5 hounds
  12 orc priests
  19 jellies
  6 iguanas
  Terence (D:3)
  24 orc wizards
  A hell rat (Lair:5)
  4 polar bear simulacra (IceCv)
  3 spectral swamp drakes (Swamp:4)
  A troll simulacrum (IceCv)
  3 wolf simulacra (IceCv)
  3 boggart skeletons
  5 ogre zombies (WizLab)
  A sky beast zombie (Crypt:1)
  A hound zombie (Crypt:3)
  Robin (D:2)
  5 gnolls (D:9)
  6 adders
  A naga simulacrum (IceCv)
  A swamp drake zombie (Swamp:4)
  A swamp drake skeleton (Crypt:1)
  7 shadow imps
  6 white imps
  An ufetubus (D:6)
  6 worms
  A dart slug (D:3)
  64 orcs
  4 ball pythons
  5 endoplasms
  3 giant cockroaches
  18 goblins
  6 hobgoblins
  21 kobolds
  4 quokkas
  13 bats
  3 frilled lizards
  A kobold skeleton (Crypt:2)
  An orc zombie (Crypt:1)
  A quokka zombie (Crypt:1)
  10 rats
  6 briar patches (Swamp:4)
2237 creatures vanquished.

Vanquished Creatures (others)
  A tengu reaver (Vaults:4)
  A vampire knight (Depths:2)
  A ghost crab (Swamp:4)
  A shadow wraith (Crypt:3)
  A wizard (Volcano)
  A deep elf pyromancer (Elf:2)
  A deep elf zephyrmancer (Elf:1)
  A manticore (D:12)
  An unseen horror (D:12)
  4 bloated husks
  A jumping spider (Spider:1)
  3 phantoms (Swamp:4)
  A kobold (D:10)
  14 foxfires
  13 fungi
  52 plants
  4 withered plants (D:7)
101 creatures vanquished.

Grand Total: 2338 creatures vanquished

Notes
Turn   | Place    | Note
-------+----------+-------------------------------------------
     0 | D:1      | degerharde the Minotaur Fighter began the quest for the
                  | Orb.
     0 | D:1      | Reached XP level 1. HP: 19/19 MP: 0/0
   134 | D:1      | Reached XP level 2. HP: 27/27 MP: 1/1
   552 | D:1      | Reached skill level 1 in Dodging
   947 | D:2      | Reached XP level 3. HP: 32/33 MP: 2/2
  1091 | D:2      | Noticed Robin
  1099 | D:2      | Killed Robin
  1117 | D:2      | Reached XP level 4. HP: 35/38 MP: 3/3
  1390 | D:3      | Found Elaes's Weapon Shop.
  1437 | D:3      | Found Raetaniz's General Store.
  1448 | D:3      | Bought a scroll of identify for 22 gold pieces
  1504 | D:3      | Identified the +5 hand axe of the Eel {freeze, *Corrode rC+
                  | Will+ Dex+3}
  1539 | D:3      | Found a sparkling altar of Nemelex Xobeh.
  1541 | D:3      | You are sucked into a shaft and drop 3 floors!
  1583 | D:6      | Noticed a water moccasin
  1591 | D:6      | Killed a water moccasin
  1592 | D:6      | Reached XP level 5. HP: 44/47 MP: 4/4
  1622 | D:6      | Reached XP level 6. HP: 49/53 MP: 5/5
  1683 | D:6      | Reached skill level 5 in Axes
  1694 | D:5      | Entered Level 5 of the Dungeon
  1769 | D:5      | Reached skill level 5 in Fighting
  1769 | D:5      | Reached skill level 5 in Armour
  1912 | D:5      | Reached skill level 5 in Shields
  1912 | D:5      | Reached XP level 7. HP: 15/61 MP: 6/6
  2420 | D:3      | Found Keilea's Antique Armour Shop.
  2426 | D:3      | Bought a kite shield for 112 gold pieces
  2472 | D:3      | Found Ijuff's Antique Weapon Emporium.
  2479 | D:3      | Found a burning altar of Makhleb.
  2480 | D:3      | Found a glowing silver altar of Zin.
  2593 | D:3      | Noticed Sigmund
  2596 | D:3      | Noticed Terence
  2598 | D:3      | Killed Sigmund
  2608 | D:3      | Killed Terence
  2744 | D:3      | Found a faded altar of an unknown god.
  3225 | D:4      | Found the +8 trishula "Condemnation" {holy, anguish, *Noise
                  | Fly rN+}
  3398 | D:4      | Reached XP level 8. HP: 65/70 MP: 7/7
  3537 | D:4      | Reached skill level 1 in Throwing
  4380 | D:6      | Found a large runed translucent door.
  4381 | D:6      | Found a large runed translucent door.
  4383 | D:6      | Noticed fedepesso's ghost (novice HOBe)
  4794 | D:7      | Noticed a hellwing
  4796 | D:7      | Noticed a hellwing
  4827 | D:7      | Reached XP level 9. HP: 36/78 MP: 8/8
  4962 | D:7      | Noticed a two-headed ogre
  4971 | D:7      | Killed a two-headed ogre
  4972 | D:7      | Reached skill level 5 in Dodging
  5154 | D:7      | Killed a hellwing
  5200 | D:7      | Found an iron altar of Okawaru.
  5216 | D:7      | Killed a hellwing
  5250 | D:7      | Reached skill level 10 in Axes
  5250 | D:7      | Reached XP level 10. HP: 71/88 MP: 9/9
  5253 | D:7      | Became a worshipper of Warmaster Okawaru
  5412 | D:7      | Reached * piety under Okawaru
  5660 | D:7      | Found a staircase to the Ecumenical Temple.
  5827 | D:8      | Found an opulent altar of Gozag.
  5831 | D:8      | Found Gozag's Platinum Reserve.
  5917 | D:8      | Found a hide-covered altar of Uskayaw.
  5999 | D:8      | Identified the +9 quarterstaff of the Poles {venom, rF+++
                  | Will+ Str-4 Stlth-}
  6077 | D:8      | Noticed Maurice
  6087 | D:8      | Killed Maurice
  6280 | D:8      | Reached skill level 5 in Throwing
  6389 | D:9      | Reached ** piety under Okawaru
  6508 | D:9      | Found a glowing golden altar of the Shining One.
  6508 | D:9      | Found a shimmering altar of Xom.
  6508 | D:9      | Found a blossoming altar of Fedhas.
  6686 | D:9      | Found a staircase to the Orcish Mines.
  6917 | D:9      | Reached skill level 1 in Invocations
  7143 | D:9      | Found a shimmering altar of Xom.
  7423 | D:10     | Entered Level 10 of the Dungeon
  7423 | D:10     | Noticed Josephine
  7438 | D:10     | Killed Josephine
  7438 | D:10     | Reached *** piety under Okawaru
  7439 | D:10     | Reached XP level 11. HP: 63/95 MP: 9/11
  7460 | D:10     | Identified a scroll of acquirement
  7460 | D:10     | Acquired 926 gold pieces
  7795 | D:10     | Found a flagged portal.
  7809 | D:10     | Noticed Psyche
  7818 | D:10     | Killed Psyche
  8061 | D:10     | Found a white marble altar of Elyvilon.
  8137 | Bailey   | Entered a bailey
  8309 | Bailey   | Reached **** piety under Okawaru
  8436 | Bailey   | Received a gift from Okawaru
  8475 | Bailey   | Noticed an orc knight
  8486 | Bailey   | Killed an orc knight
  8551 | D:10     | Noticed a two-headed ogre
  8558 | D:10     | Killed a two-headed ogre
  8650 | D:10     | Noticed a two-headed ogre
  8658 | D:10     | Killed a two-headed ogre
  9122 | D:11     | Found a staircase to the Lair.
  9129 | D:11     | Reached ***** piety under Okawaru
  9138 | D:11     | Reached skill level 10 in Shields
  9252 | D:11     | Reached XP level 12. HP: 106/106 MP: 13/13
  9306 | D:11     | Noticed a two-headed ogre
  9314 | D:11     | Killed a two-headed ogre
  9586 | D:11     | Noticed Lodul
  9594 | D:11     | Reached skill level 10 in Fighting
  9597 | D:11     | Reached skill level 10 in Armour
  9601 | D:11     | Killed Lodul
  9713 | D:11     | Found a frozen archway.
  9747 | D:11     | Received a gift from Okawaru
  9761 | IceCv    | Entered an ice cave
  9960 | IceCv    | Received a gift from Okawaru
 10153 | IceCv    | Received a gift from Okawaru
 10253 | IceCv    | Found an ancient bone altar of Kikubaaqudgha.
 10270 | IceCv    | Reached skill level 5 in Invocations
 10893 | D:11     | Found a glowing golden altar of the Shining One.
 11168 | Lair:1   | Entered Level 1 of the Lair of Beasts
 11345 | Lair:1   | Reached ****** piety under Okawaru
 11345 | Lair:1   | Identified the +1 pair of gloves of Ucev {rF+++ Str+3
                  | Dex+8} (Okawaru gifted it to you on level 1 of the Lair of
                  | Beasts)
 11345 | Lair:1   | Received a gift from Okawaru
 11721 | Lair:1   | Found a shimmering altar of Xom.
 12267 | Lair:2   | Reached XP level 13. HP: 115/115 MP: 16/16
 12377 | Lair:2   | Found a hole to the Spider Nest.
 13124 | Lair:3   | Reached skill level 15 in Axes
 13145 | Lair:3   | Found a dark tunnel.
 13159 | Volcano  | Entered a volcano
 13188 | Abyss:2  | Cast into level 2 of the Abyss (a wizard)
 13235 | Abyss:2  | Noticed a bone dragon
 13267 | Abyss:2  | Noticed a starcursed mass
 13283 | Abyss:2  | Gained mutation: Your spells are a little easier to cast,
                  | but a little less powerful. [a neqoxec]
 13286 | Volcano  | Escaped the Abyss
 13561 | Volcano  | Reached skill level 10 in Dodging
 13563 | Volcano  | Received a gift from Okawaru
 14443 | Lair:3   | Found a staircase to the Swamp.
 14786 | Lair:4   | Received a gift from Okawaru
 15418 | Lair:4   | Reached XP level 14. HP: 125/125 MP: 18/18
 15547 | Lair:4   | Found a viscous altar of Jiyva.
 15547 | Lair:4   | Found a staircase to the Slime Pits.
 15953 | Lair:5   | Entered Level 5 of the Lair of Beasts
 16176 | Lair:5   | Received a gift from Okawaru
 16244 | Lair:5   | Received a gift from Okawaru
 16779 | Lair:5   | Identified the +0 leather armour of Ashenzari's Anger
                  | {Slay+6}
 16816 | Lair:5   | Identified the +4 great mace "Hydrabane" {venom, rElec
                  | Str+4}
 17840 | Orc:1    | Entered Level 1 of the Orcish Mines
 18338 | Orc:1    | Paralysed by a floating eye for 4 turns
 18343 | Orc:1    | Identified the +8 broad axe of Inquiry {speed, rF+ Will-
                  | Str+4 Dex+4} (Okawaru gifted it to you on level 1 of the
                  | Orcish Mines)
 18343 | Orc:1    | Received a gift from Okawaru
 18603 | Orc:2    | Entered Level 2 of the Orcish Mines
 18603 | Orc:2    | Noticed Tinylith's ghost (journeyman MiBe)
 18603 | Orc:2    | Found a runed translucent door.
 18763 | Orc:2    | Reached skill level 15 in Shields
 18965 | Orc:2    | Paralysed by an orc sorcerer for 5 turns
 19024 | Orc:2    | Found Plog's Assorted Antiques.
 19024 | Orc:2    | Found Sumu's Assorted Antiques.
 19033 | Orc:2    | Found Gerujop's Armour Shoppe.
 19033 | Orc:2    | Found Ziusha's Antique Weapon Shoppe.
 19043 | Orc:2    | Identified the +0 ring mail of Courage {rPois Slay+2}
                  | (Okawaru gifted it to you on level 2 of the Orcish Mines)
 19043 | Orc:2    | Received a gift from Okawaru
 19044 | Orc:2    | Reached XP level 15. HP: 48/134 MP: 20/20
 19403 | Orc:2    | Found a staircase to the Elven Halls.
 19620 | Orc:2    | Killed Tinylith's ghost
 19798 | D:12     | Noticed a tengu reaver
 19810 | D:12     | Killed a tengu reaver
 20323 | D:12     | Received a gift from Okawaru
 20356 | D:12     | Received a gift from Okawaru
 22062 | D:13     | Found a gate to the Vaults.
 22269 | D:14     | Found a runed translucent gate.
 22269 | D:14     | Found a runed translucent gate.
 22270 | D:14     | Found a runed translucent gate.
 22491 | D:14     | Identified the +8 great sword "Kyalou" {heavy, Will+ Dex-3
                  | SInv}
 22493 | D:14     | Noticed Decori's ghost (journeyman DgDe)
 22494 | D:14     | Identified the +4 mace of Terra Nullius {vamp, *Rage rPois
                  | rF+ Str+3}
 22496 | D:14     | Found an iron altar of Okawaru.
 22561 | D:14     | Received a gift from Okawaru
 22636 | D:14     | Received a gift from Okawaru
 22637 | D:14     | Reached XP level 16. HP: 145/145 MP: 22/22
 22809 | D:14     | Received a gift from Okawaru
 22822 | D:14     | Received a gift from Okawaru
 22829 | D:14     | Killed Decori's ghost
 22830 | D:14     | Reached skill level 10 in Throwing
 23123 | D:15     | Entered Level 15 of the Dungeon
 23414 | D:15     | Reached skill level 10 in Invocations
 23478 | D:15     | Found an ancient bone altar of Kikubaaqudgha.
 23665 | D:15     | Found a staircase to the Depths.
 23828 | D:15     | Acquired the ring "Namady" {rPois rCorr}
 23955 | Swamp:1  | Entered Level 1 of the Swamp
 24905 | Swamp:2  | Received a gift from Okawaru
 25251 | Swamp:2  | Reached skill level 15 in Armour
 25264 | Swamp:2  | Reached skill level 15 in Fighting
 25297 | Swamp:2  | Found an ancient bone altar of Kikubaaqudgha.
 25571 | Swamp:2  | Paralysed by a fenstrider witch for 3 turns
 25577 | Swamp:2  | Paralysed by a fenstrider witch for 4 turns
 26175 | Swamp:3  | Noticed a thorn hunter
 26185 | Swamp:3  | Killed a thorn hunter
 26707 | Swamp:4  | Entered Level 4 of the Swamp
 26839 | Swamp:4  | Reached XP level 17. HP: 111/156 MP: 24/24
 27270 | Swamp:4  | Received a gift from Okawaru
 27489 | Swamp:4  | Noticed a bone dragon
 27505 | Swamp:4  | Killed a bone dragon
 27994 | Swamp:4  | Got a decaying rune of Zot
 28144 | Spider:1 | Entered Level 1 of the Spider Nest
 28278 | Spider:1 | Received a gift from Okawaru
 28344 | Spider:1 | Received a gift from Okawaru
 28539 | Spider:1 | Identified the +3 tower shield "Coss" {Harm} (Okawaru
                  | gifted it to you on level 1 of the Spider Nest)
 28539 | Spider:1 | Received a gift from Okawaru
 28832 | Spider:2 | Noticed Kirke
 28881 | Spider:1 | Killed Kirke
 29199 | Spider:2 | Reached skill level 15 in Dodging
 30037 | Spider:3 | Reached XP level 18. HP: 131/168 MP: 1/26
 30611 | Spider:3 | Identified the +10 plate armour of Yesterday {+Blink rF-
                  | Str+4 SInv}
 30777 | Spider:4 | Entered Level 4 of the Spider Nest
 31002 | Spider:4 | Identified the +1 hat of the Maze {rN+ Will+ Dex+3}
                  | (Okawaru gifted it to you on level 4 of the Spider Nest)
 31002 | Spider:4 | Received a gift from Okawaru
 31502 | Spider:4 | Got a gossamer rune of Zot
 31513 | Spider:4 | Identified the +3 pair of gloves of the Shoals {rN+}
 32159 | Vaults:1 | Entered Level 1 of the Vaults
 32217 | Vaults:1 | Identified the +3 crystal plate armour of Imperfection
                  | {Int+3} (Okawaru gifted it to you on level 1 of the Vaults)
 32217 | Vaults:1 | Received a gift from Okawaru
 32791 | Vaults:1 | Noticed Aizul
 32803 | Vaults:1 | Killed Aizul
 33026 | Vaults:1 | Identified the +1 cloak of Ypnong {rF+ rC+}
 33272 | Vaults:1 | Noticed Donald
 33286 | Vaults:1 | Killed Donald
 33360 | Vaults:1 | Reached XP level 19. HP: 111/181 MP: 27/27
 34054 | Vaults:2 | Received a gift from Okawaru
 34326 | Vaults:2 | Noticed Xtahua
 34337 | Vaults:2 | Killed Xtahua
 34524 | Vaults:2 | Received a gift from Okawaru
 34669 | Vaults:2 | Received a gift from Okawaru
 34775 | Vaults:2 | Found a portal to a secret trove of treasure.
 34842 | Vaults:2 | Identified the +0 chain mail of Banir {rPois}
 34973 | Vaults:2 | Noticed Mara
 34975 | Vaults:2 | Noticed degerharde's illusion
 35008 | Vaults:2 | Killed Mara
 35008 | Vaults:2 | Identified the +7 hand crossbow of Moderation {heavy, rC+++
                  | rCorr Int-3 SInv} (Okawaru gifted it to you on level 2 of
                  | the Vaults)
 35008 | Vaults:2 | Received a gift from Okawaru
 35295 | Vaults:2 | Noticed kuniqs's ghost (adept FoFi)
 35296 | Vaults:2 | Found a transporter.
 35297 | Vaults:2 | Found a transporter.
 35812 | Vaults:2 | Killed kuniqs's ghost
 35934 | Vaults:2 | Reached XP level 20. HP: 193/193 MP: 28/28
 36009 | Vaults:3 | Found Esehoowneb's General Store.
 36031 | Vaults:3 | Bought a scroll of identify for 40 gold pieces
 36031 | Vaults:3 | Bought a scroll of identify for 40 gold pieces
 36031 | Vaults:3 | Bought a +2 pair of boots for 330 gold pieces
 36287 | Vaults:3 | Received a gift from Okawaru
 36442 | Vaults:3 | Found a staircase to the Crypt.
 36442 | Vaults:3 | Found an ancient bone altar of Kikubaaqudgha.
 36443 | Vaults:3 | Found a basalt altar of Yredelemnul.
 36585 | Vaults:3 | You are sucked into a shaft and drop 1 floor!
 36771 | Vaults:4 | Noticed Sojobo
 36782 | Vaults:4 | Paralysed by an air elemental for 1 turns
 36790 | Vaults:4 | Killed Sojobo
 37440 | Vaults:4 | Reached XP level 21. HP: 192/202 MP: 29/29
 37645 | Vaults:4 | Received a gift from Okawaru
 37731 | Vaults:4 | Received a gift from Okawaru
 38178 | Vaults:3 | Received a gift from Okawaru
 38262 | Vaults:3 | Received a gift from Okawaru
 38750 | Vaults:3 | Received a gift from Okawaru
 39049 | Elf:1    | Entered Level 1 of the Elven Halls
 39049 | Elf:1    | Found a runed translucent gate.
 39049 | Elf:1    | Found a runed translucent gate.
 39049 | Elf:1    | Found a runed translucent gate.
 39049 | Elf:1    | Found a runed translucent gate.
 39049 | Elf:1    | Found a runed translucent gate.
 39049 | Elf:1    | Found a runed translucent gate.
 39050 | Elf:1    | Found a runed translucent door.
 39052 | Elf:1    | Found a runed translucent door.
 39071 | Elf:1    | Noticed Nikola
 39094 | Elf:1    | Killed Nikola
 39116 | Elf:1    | Received a gift from Okawaru
 39117 | Elf:1    | Paralysed by an air elemental for 1 turns
 39670 | Elf:1    | Got the Catalogue of the Shot
 40249 | Elf:1    | Got the Handbook of the Fairies and Phlogiston
 40616 | Elf:2    | Received a gift from Okawaru
 40837 | Elf:2    | Identified the +0 chain mail "Aheilaf" {rC+}
 41046 | Elf:2    | Found a huge runed translucent gate.
 41046 | Elf:2    | Found a huge runed translucent gate.
 41050 | Elf:2    | Found a huge runed translucent gate.
 41074 | Elf:2    | Found a huge runed translucent gate.
 41074 | Elf:2    | Found a huge runed translucent gate.
 41371 | Elf:2    | Reached XP level 22. HP: 205/217 MP: 30/30
 41833 | Crypt:1  | Entered Level 1 of the Crypt
 41846 | Crypt:1  | Received a gift from Okawaru
 42685 | Crypt:2  | Received a gift from Okawaru
 42835 | Crypt:2  | Paralysed by something for 2 turns
 43114 | Crypt:2  | Paralysed by a vampire knight for 5 turns
 43496 | Crypt:2  | Received a gift from Okawaru
 43768 | Crypt:3  | Entered Level 3 of the Crypt
 45030 | Crypt:3  | Found a basalt altar of Yredelemnul.
 45030 | Crypt:3  | Found an ancient bone altar of Kikubaaqudgha.
 45030 | Crypt:3  | Noticed a curse toe
 45030 | Crypt:3  | Noticed a curse toe
 45036 | Crypt:3  | Killed a curse toe
 45036 | Crypt:3  | Received a gift from Okawaru
 45045 | Crypt:3  | Killed a curse toe
 45352 | Crypt:3  | Identified the +8 quarterstaff "Nigoiluc" {speed, rElec rC+
                  | rN+ Int-4}
 45411 | Crypt:3  | Identified the +2 leather armour of Jyoth {+Inv Fly rElec}
 45460 | Crypt:3  | Found a staircase to the Tomb.
 45692 | Depths:1 | Entered Level 1 of the Depths
 45696 | Depths:1 | Noticed a juggernaut
 45712 | D:15     | Paralysed by something for 3 turns
 46013 | D:15     | Identified the +1 ring mail of a volcano {Harm rElec rN+
                  | Str+2} (Okawaru gifted it to you on level 15 of the
                  | Dungeon)
 46013 | D:15     | Received a gift from Okawaru
 46039 | Depths:1 | Paralysed by a vampire knight for 4 turns
 46057 | Depths:1 | Killed a juggernaut
 46172 | Depths:1 | Found a one-way gate to the infinite horrors of the Abyss.
 46263 | Depths:1 | Found Punwojis's Tremendous Tomes.
 46356 | Depths:1 | Found Lauvaity's Antique Weapon Boutique.
 46380 | Depths:1 | Reached XP level 23. HP: 204/232 MP: 31/31
 46861 | Depths:1 | Found a gateway to Hell.
 47185 | Depths:2 | Noticed the Enchantress
 47199 | Depths:2 | Killed the Enchantress
 47270 | Depths:2 | Found a one-way gate leading to the halls of Pandemonium.
 47365 | Depths:2 | Found a magical portal.
 47369 | WizLab   | Entered Zonguldrok's Shrine
 47627 | Depths:2 | Identified the +1 pair of gloves "Dasasig" {rF+} (Okawaru
                  | gifted it to you on level 2 of the Depths)
 47627 | Depths:2 | Received a gift from Okawaru
 48242 | Depths:2 | You fall into a shaft and drop 2 floors!
 48242 | Depths:4 | Entered Level 4 of the Depths
 48397 | Depths:3 | Identified the +5 war axe "Xaxty" {spect, rElec rN++ rCorr
                  | Dex-4}
 48852 | Depths:3 | Noticed a juggernaut
 48864 | Depths:3 | Killed a juggernaut
 48931 | Depths:3 | Found the +10 dark maul {heavy}
 49788 | Depths:3 | Received a gift from Okawaru
 49946 | Depths:4 | Found Zajoosmo's Weapon Boutique.
 49948 | Depths:4 | Found a one-way gateway to a ziggurat.
 49989 | Depths:4 | Noticed a juggernaut
 49999 | Depths:4 | Killed a juggernaut
 50605 | Depths:4 | Received a gift from Okawaru
 50879 | Depths:4 | Identified the +6 broad axe "Hecueq" {flame, Str+2}
                  | (Okawaru gifted it to you on level 4 of the Depths)
 50879 | Depths:4 | Received a gift from Okawaru
 51002 | Depths:4 | Reached skill level 27 in Fighting
 51002 | Depths:4 | Reached XP level 24. HP: 201/249 MP: 31/31
 51423 | Depths:4 | Found a runed translucent door.
 51461 | Depths:4 | Found a runed translucent door.
 51462 | Depths:4 | Found a runed translucent door.
 51470 | Depths:4 | Found a runed translucent door.
 51555 | Depths:4 | Found a runed translucent door.
 51555 | Depths:4 | Found a runed translucent door.
 51620 | Depths:4 | Found a gate to the Realm of Zot.
 52008 | Slime:1  | Entered Level 1 of the Pits of Slime
 52310 | Slime:1  | Received a gift from Okawaru
 52786 | Slime:2  | Found a viscous altar of Jiyva.
 53141 | Slime:3  | Identified the +7 chain mail of the Thinker {Dex+4}
                  | (Okawaru gifted it to you on level 3 of the Pits of Slime)
 53141 | Slime:3  | Received a gift from Okawaru
 54045 | Slime:2  | Gained mutation: You are dopey. (Int -2) [a shining eye]
 54282 | Slime:5  | Entered Level 5 of the Pits of Slime
 54585 | Slime:5  | Noticed the Royal Jelly
 54598 | Slime:5  | Killed the Royal Jelly
 54613 | Slime:5  | Gained mutation: You are very dopey. (Int -4) [a shining
                  | eye]
 54656 | Slime:5  | Gained mutation: You occasionally lose the ability to drink
                  | potions when taking damage. [a shining eye]
 54675 | Slime:5  | Gained mutation: Your spells are easier to cast, but less
                  | powerful. [a shining eye]
 54717 | Slime:5  | Got a slimy rune of Zot
 54778 | Slime:5  | Identified the +4 war axe "Nosopof" {freeze, rElec Int-4
                  | Dex-4 Stlth+}
 54837 | Slime:5  | Lost mutation: Your spells are easier to cast, but less
                  | powerful. [a shining eye]
 56135 | Zot:1    | Entered Level 1 of the Realm of Zot
 56330 | Zot:1    | Received a gift from Okawaru
 56627 | Zot:1    | Received a gift from Okawaru
 57247 | Zot:1    | Received a gift from Okawaru
 57986 | Zot:2    | Received a gift from Okawaru
 58063 | Zot:2    | Reached XP level 25. HP: 206/257 MP: 29/31
 58266 | Zot:2    | Received a gift from Okawaru
 58389 | Zot:2    | Noticed a Killer Klown
 58398 | Zot:2    | Killed a Killer Klown
 58402 | Zot:2    | Reached skill level 27 in Dodging
 58413 | Zot:2    | Received a gift from Okawaru
 60237 | Zot:4    | Received a gift from Okawaru
 60592 | Zot:4    | Received a gift from Okawaru
 60632 | Zot:4    | Received a gift from Okawaru
 60873 | Zot:4    | Received a gift from Okawaru
 61142 | Zot:4    | Received a gift from Okawaru
 62209 | Zot:5    | Entered Level 5 of the Realm of Zot
 62247 | Zot:5    | Reached XP level 26. HP: 266/266 MP: 31/31
 62248 | Zot:5    | Identified the +1 pair of boots of Proximity {-Cast rF-
                  | Str+8 Dex+2} (Okawaru gifted it to you on level 5 of the
                  | Realm of Zot)
 62248 | Zot:5    | Received a gift from Okawaru
 62261 | Zot:5    | Reached skill level 15 in Throwing
 62586 | Zot:5    | Noticed an orb of fire
 62592 | Zot:5    | Noticed an orb of fire
 62592 | Zot:5    | Noticed an ancient lich
 62594 | Zot:5    | Gained mutation: You are clumsy. (Dex -2) [an orb of fire]
 62597 | Zot:5    | Gained mutation: You sometimes lose your temper in combat.
                  | [an orb of fire]
 62601 | Zot:5    | Killed an ancient lich
 62608 | Zot:5    | Noticed an orb of fire
 62610 | Zot:5    | Killed an orb of fire
 62612 | Zot:5    | Killed an orb of fire
 62613 | Zot:5    | Noticed an orb of fire
 62614 | Zot:5    | Noticed an orb of fire
 62614 | Zot:5    | Noticed a dread lich
 62616 | Zot:5    | Gained mutation: You are weak. (Str -2) [an orb of fire]
 62619 | Zot:5    | Noticed an ancient lich
 62620 | Zot:5    | Gained mutation: You occasionally lose the ability to read
                  | scrolls when taking damage. [an orb of fire]
 62621 | Zot:5    | Noticed an orb of fire
 62637 | Zot:5    | Gained mutation: You are very clumsy. (Dex -4) [an orb of
                  | fire]
 62638 | Zot:5    | Killed an orb of fire
 62639 | Zot:5    | Gained mutation: You are frail. (-10% HP) [an orb of fire]
 62641 | Zot:5    | Killed an orb of fire
 62643 | Zot:5    | Gained mutation: Your magical capacity is low. (-10% MP)
                  | [an orb of fire]
 62647 | Zot:5    | Gained mutation: Your magical capacity is very low. (-20%
                  | MP) [an orb of fire]
 62648 | Zot:5    | Killed an ancient lich
 62650 | Zot:5    | Killed an orb of fire
 62653 | Zot:5    | Killed an orb of fire
 62658 | Zot:5    | Killed a dread lich
 62675 | Zot:5    | Received a gift from Okawaru
 63366 | Zot:5    | Identified the +0 cloak of a wizard's laboratory {-Tele
                  | rPois rN+} (Okawaru gifted it to you on level 5 of the
                  | Realm of Zot)
 63366 | Zot:5    | Received a gift from Okawaru
 63457 | Zot:5    | Got the Orb of Zot
 63564 | Zot:3    | Killed from afar by a Brimstone Fiend

Illustrated notes

Levels and vault maps discovered:
D:1:      minmay_arrival_nine_rooms, layout_basic
D:2:      layout_basic, uniq_robin
D:3:      layout_loops_cross, nicolae_overflow_hidden_temple,
          chequers_ecumenical_altar_twisty, serial_shops, shop, shop, shop,
          shop, uniq_sigmund, uniq_terence
D:4:      layout_cave_pods, chequers_serial_rivers_micro_c
D:5:      layout_basic, nrook_uturn, minmay_misc_feat_enclosed
D:6:      layout_loops_ring, ebering_ghost_disaster_area
D:7:      cheibrodos_grave_circle, layout_rooms, okawaru_ov_weapons_minmay,
          minmay_temple_entry_arrows
D:8:      layout_cave_pools, eat_drink_and_be_merry_uskayaw,
          nicolae_gozag_zags_fifth_avenue, uniq_maurice
D:9:      layout_irregular_city, gammafunk_temple_overflow_claw, david_orc_3,
          kennysheep_diamond
D:10:     layout_loops_ring, elyvilon_altar_1, enter_bailey_8, uniq_psyche,
          uniq_josephine
D:11:     layout_irregular_city, minmay_lair_entry_grove,
          portal_ice_cave_entry_animals_and_master, tso_altar, uniq_lodul
D:12:     minmay_the_grid_square_5x5_5x5 [minmay_the_grid_square_5x5_two_small,
          minmay_the_grid_square_5x5_two_walls_b, minmay_the_grid_square_5x5_n,
          minmay_the_grid_square_5x5_shrine1, minmay_the_grid_square_5x5_mess,
          minmay_the_grid_square_5x5_slash,
          minmay_the_grid_square_5x5_prize_rear_guard,
          minmay_the_grid_square_5x5_half_checkered,
          minmay_the_grid_square_5x5_prize_monsterx,
          minmay_the_grid_square_5x5_inverted_slash,
          minmay_the_grid_square_5x5_dogpile,
          minmay_the_grid_square_5x5_doubleslash,
          minmay_the_grid_square_5x5_prize_waves,
          minmay_the_grid_square_5x5_minibox, minmay_the_grid_square_5x5_corner,
          minmay_the_grid_square_5x5_shuriken,
          minmay_the_grid_square_5x5_prize_deathbox,
          minmay_the_grid_square_5x5_checkered,
          minmay_the_grid_square_5x5_prize_gold,
          minmay_the_grid_square_5x5_inner_v,
          minmay_the_grid_square_5x5_bracketed,
          minmay_the_grid_square_5x5_tetrominoes,
          minmay_the_grid_square_5x5_bite, minmay_the_grid_square_5x5_two,
          minmay_the_grid_square_5x5_minivault], layout_cave_pods,
          grunt_ministairs_14
D:13:     layout_long_grid, ximxim_vaults_locker_room,
          dreamdust_mushroom_princess
D:14:     layout_rooms, gammafunk_ghost_fury_of_okawaru, minmay_misc_feat_cross
D:15:     grunt_enter_depths_magical_seal, layout_basic,
          kiku_gazebo_garden_becter, hangedman_abyss_or_decor_clamps,
          grunt_ministairs_13
Lair:1:   layout_small_grid, basic_altar, grunt_megastairs_4,
          infiniplex_staircase_pool_2, lemuel_fruit_fields
Lair:2:   dreamdust_cave_troll, layout_hall_layers,
          hellmonk_spider_entry_not_the_bees
Lair:3:   layout_long_grid, swamp_mist_pool, enter_volcano_1,
          serial_bayou_shore_b
Lair:4:   layout_long_grid, dpeg_slime_entry_enclosed, beast_lair_carwin_9
Lair:5:   hangedman_lair_in_review, layout_regular_city,
          guppyfry_lair_end_dragon
Swamp:1:  layout_basic_swamp, nicolae_swamp_trees_clearing, swamp_pool1,
          st_swamp_ruins_3, infiniplex_staircase_pool
Swamp:2:  layout_basic_swamp, nicolae_swamp_little_swirl, swamp_pool2,
          lemuel_altar_in_water
Swamp:3:  layout_falls_marsh, evilmike_swamp_ruin_rubble_2, swamp_pool3,
          hangedman_swamp_lotus
Swamp:4:  swamp_pestilence, layout_basic_swamp
Spider:1: layout_spider_delve, hive_lemuel
Spider:2: layout_spider_delve, uniq_kirke
Spider:3: layout_spider_delve
Spider:4: hellmonk_spider_rune_bug_friends
Slime:1:  layout_caves, cheibrodos_slime_lost_civilization_5
Slime:2:  layout_caves, basic_altar
Slime:3:  layout_caves
Slime:4:  layout_caves, basic_altar
Slime:5
Orc:1:    hellmonk_paralyzer, layout_diamond_mine
Orc:2:    st_orc_elflike, layout_diamond_mine, gammafunk_ghost_grave,
          roderic_batcave
Elf:1:    nicolae_elf_arrival_dilemma, layout_geoelf_octagon,
          minmay_elf_annihilation, uniq_nikola
Elf:2:    elven_hall_of_blades_hangedman_alternative
          [nicolae_blade_entry_pointy_end], layout_loops_corners,
          minmay_strange_pillars
Vaults:1: hangedman_vaults_stitches, nicolae_vaults_little_squares_3,
          hangedman_vaults_corner_blocks, ontoclasm_vaults_spin,
          hangedman_vaults_variations, nicolae_vaults_shelves_hall,
          hangedman_vaults_cutoff, vaults_dpeg_cross,
          vaults_standard_mumra_enter_the_diamond, ontoclasm_vaults_eye,
          nicolae_vaults_little_squares_4, layout_vaults_omnibox, uniq_donald,
          uniq_aizul
Vaults:2: gammafunk_ghost_arena, hangedman_vaults_stagger, v_misc_27,
          ontoclasm_vaults_gateway, st_more_cells, v_misc_3,
          nicolae_vaults_network_s, vaults_room_ringed_pool,
          vaults_mumra_chevron_long, vaults_dpeg_encased_lava,
          vaults_mumra_hexcomb, vaults_dpeg_emergency_exit,
          ontoclasm_vaults_claustrophobia, layout_vaults_ring,
          nicolae_trove_entry_isolated, uniq_mara, uniq_xtahua
Vaults:3: ontoclasm_vaults_fault, minmay_crypt_entry_necro_gods,
          vaults_room_stairs_pillars, v_pattern_5, ontoclasm_vaults_idyll,
          serial_ice_m, v_rooms_6, nicolae_vaults_rhombus_5,
          nicolae_vaults_theta, vaults_room_octagon, ontoclasm_vaults_pinch,
          nicolae_vaults_little_squares_3, nicolae_vaults_shelves_hall,
          layout_vaults_big_cross, serial_shops, nicolae_shop_hallway_stairs
Vaults:4: nicolae_vaults_circle_grid_b, nicolae_vaults_rhombus_6,
          nicolae_vaults_border_crossing, v_misc_8, v_misc_8,
          ontoclasm_vaults_loading_screen, vaults_dpeg_doors,
          grunt_vaults_hallway_short, grunt_vaults_twisty,
          hangedman_vaults_nails, ontoclasm_vaults_ligature, vaults_room_fours,
          layout_vaults_omnigrid, uniq_sojobo
Crypt:1:  layout_misc_corridors, serial_glass, glass_columns_a, glass_columns_a
Crypt:2:  layout_catacombs
Crypt:3:  lightli_unholy_cathedral, layout_chaotic_city
Depths:1: layout_long_grid, abyss_entry, hell_entry, serial_bayou_pond_d,
          serial_shops, nicolae_shop_advertising_works
          [nicolae_subvault_shop_adworks], moated_statue, chequers_big_river,
          nicolae_shop_i_like_big_books, evilmike_ambush
          [evilmike_ambush_outer_basic, evilmike_ambush_inner_pond]
Depths:2: minmay_sliced_demisemicircle, layout_cave_pools,
          rand_demon_pan_entry_4, hex_tiny, mu_enter_wizlab_7,
          pf_vacation_house_of_asmodeus, uniq_enchantress
Depths:3: minmay_roctagon, layout_gridlike, grunt_hell_entry_dis_grunt,
          abyss_entry, infiniplex_staircase_star
Depths:4: evilmike_zot_entry_castle, layout_cave_pools, enter_ziggurat_f,
          serial_sigils, serial_sigils_hangedman_gnaw,
          serial_sigils_hangedman_snap, serial_sigils_hangedman_writhe,
          serial_sigils_hangedman_quiver, serial_sigils_hangedman_shear,
          pf_hell_entry_tar_spiral, serial_shops, nicolae_shop_waterfront
Zot:1:    layout_gridlike
Zot:2:    layout_concentric_octagons, guppyfry_library_mini, grunt_megastairs_2
Zot:3:    layout_concentric_octagons
Zot:4:    lemuel_acid_trip, layout_cathedral_of_symmetry
Zot:5:    layout_basic

Skill      XL: |  1  2  3  4  5  6  7  8  9 10 11 12 13 14 15 16 17 18 19 20 21 22 23 24 25 26 |
---------------+-------------------------------------------------------------------------------+-----
Dodging        | 1 2 3 4 5 7 8 9 10 11 12 13 15 16 18 20 22 24 26 27 | 27.0
Axes           | 3 4 5 6 8 10 11 12 14 15 17 18 19 21 22 | 22.2
Fighting       | 4 5 6 7 8 9 10 11 12 13 15 16 18 20 22 24 27 | 27.0
Armour         | 4 5 6 7 8 9 10 11 12 13 15 16 18 20 21 22 | 22.1
Shields        | 4 5 6 7 8 10 11 13 15 16 19 22 23 | 23.8
Throwing       | 2 4 5 6 9 12 14 16 | 16.0
Invocations    | 1 3 5 7 8 9 11 12 13 | 13.0

Action                   |  1- 3 |  4- 6 |  7- 9 | 10-12 | 13-15 | 16-18 | 19-21 | 22-24 | 25-27 || total
-------------------------+-------+-------+-------+-------+-------+-------+-------+-------+-------++-------
Melee: War axe           |   103 |    32 |       |       |       |       |       |       |       ||   135
       Headbutt          |    13 |    12 |    28 |   147 |   257 |   361 |   184 |   577 |   215 ||  1794
       Hand axe          |       |    45 |   179 |   560 |   469 |       |       |       |       ||  1253
       Broad axe         |       |       |       |       |   477 |  1217 |   766 |  1650 |   631 ||  4741
       Unarmed           |       |       |       |       |       |    10 |       |       |       ||    10
Throw: Dart              |       |       |     5 |    82 |   119 |    20 |    10 |       |       ||   236
       Throwing net      |       |       |     1 |       |       |       |       |       |       ||     1
       Boomerang         |       |       |       |    41 |    56 |   147 |       |    36 |    13 ||   293
       Javelin           |       |       |       |       |       |       |       |       |    28 ||    28
Invok: Heroism           |       |       |       |     2 |     4 |     3 |     3 |    10 |     3 ||    25
       Finesse           |       |       |       |       |       |       |       |     3 |     2 ||     5
Evoke: Wand              |       |       |       |       |       |     1 |       |     1 |     1 ||     3
  Use: Scroll            |       |     4 |       |     7 |    10 |     4 |     7 |    11 |     3 ||    46
       Potion            |       |     1 |       |       |       |       |     2 |     7 |     3 ||    13
Armor: Scale mail        |    43 |    23 |    30 |       |       |       |       |       |       ||    96
       Plate armour      |       |       |    23 |   133 |       |       |       |       |       ||   156
       Crystal plate arm |       |       |       |    48 |   323 |   379 |   116 |   337 |   101 ||  1304
Dodge: Dodged            |    37 |    24 |    47 |    98 |   177 |   376 |   123 |   435 |   183 ||  1500
Block: Buckler           |    43 |    26 |     4 |       |       |       |       |       |       ||    73
       Reflection        |     1 |       |     3 |    25 |    58 |    35 |    60 |    23 |    26 ||   231
       Kite shield       |       |       |   117 |   222 |       |       |       |       |       ||   339
       Tower shield      |       |       |       |   233 |   927 |  1206 |   579 |  1316 |   511 ||  4772
       Other             |       |       |       |       |       |     1 |       |       |       ||     1

Table legend: (Time is in decaauts)
 A = Elapsed time spent in this place.
 B = Non-inter-level travel time spent in this place.
 C = Inter-level travel time spent in this place.
 D = Time resting spent in this place.
 E = Time spent auto-exploring this place.
 F = Levels seen in this place.
 G = Mean time per level.
                   A        B        C        D        E       F      G
               +--------+--------+--------+--------+--------+-----+--------+
         Total |  61486 |  57400 |   4086 |   9484 |  37836 |  58 | 1060.1 |
       Dungeon |  14945 |  13668 |   1277 |   1639 |   9689 |  15 |  996.3 |
          Lair |   6167 |   5672 |    495 |    274 |   4456 |   5 | 1233.4 |
         Swamp |   4058 |   3908 |    150 |   1119 |   2153 |   4 | 1014.5 |
   Spider Nest |   3649 |   3502 |    147 |    619 |   2166 |   4 |  912.2 |
    Slime Pits |   3685 |   3373 |    312 |    891 |   1841 |   5 |  737.0 |
  Orcish Mines |   1875 |   1736 |    139 |    219 |   1270 |   2 |  937.5 |
   Elven Halls |   2457 |   2258 |    199 |      5 |   1859 |   2 | 1228.5 |
        Vaults |   6581 |   6026 |    555 |    849 |   4214 |   4 | 1645.2 |
         Crypt |   3501 |   3356 |    145 |   1477 |   1348 |   3 | 1167.0 |
        Depths |   5623 |   5179 |    444 |    687 |   3558 |   4 | 1405.8 |
           Zot |   6760 |   6542 |    218 |   1216 |   4344 |   5 | 1352.0 |
         Abyss |     96 |     96 |      0 |      0 |     40 |   1 |   96.0 |
        Bailey |    353 |    353 |      0 |      0 |    234 |   1 |  353.0 |
      Ice Cave |    933 |    933 |      0 |    404 |    273 |   1 |  933.0 |
       Volcano |    672 |    672 |      0 |     82 |    340 |   1 |  672.0 |
        Wizlab |    125 |    125 |      0 |      0 |     49 |   1 |  125.0 |
               +--------+--------+--------+--------+--------+-----+--------+

Top non-repeatable levels by time:
Depths:4: 2005 daAuts
Vaults:2: 1929 daAuts
   Zot:4: 1918 daAuts
Vaults:1: 1855 daAuts
  Lair:5: 1721 daAuts
 Crypt:2: 1668 daAuts
   Zot:1: 1542 daAuts
Vaults:4: 1529 daAuts
    D:11: 1522 daAuts
    D:12: 1488 daAuts
    D:10: 1380 daAuts
Depths:3: 1374 daAuts
  Lair:4: 1355 daAuts
   Zot:2: 1326 daAuts
    D:15: 1270 daAuts
